Wild vs Penguins
(R1)
Created - 12 février 2014 at 22:38
Goals
|
| Wild |
1 |
0 |
0 |
1 |
| Penguins |
0 |
0 |
2 |
2 |
|
Shots
|
| Wild |
12 |
7 |
12 |
31 |
| Penguins |
6 |
6 |
9 |
21 |
|
1st period
1. Wild , Jozef Stumpel 25 (Alexei Kovalev) at 3:02
Penalties :
Jozef Stumpel (Min) for Holding Stick (Minor) at 0:28, Steven Reinprecht (Pit) for Hooking (Minor) at 9:47, Ville Peltonen (Pit) for Holding (Minor) at 14:19
2nd period
No Goal
Penalties :
Ville Peltonen (Pit) for Holding (Minor) at 2:33, Anson Carter (Min) for Hooking (Minor) at 11:03, R.J. Umberger (Min) for High sticking (Minor) at 15:55, Shane Hnidy (Min) for Interference (Minor) at 16:52, Nathan Dempsey (Min) for Hooking (Minor) at 19:09
3rd period
2. Penguins , Steven Reinprecht 7 (Dan Hamhuis, Petr Sykora) at 10:55
3. Penguins , Ryan Kesler 21 (Marc-Édouard Vlasic, Steven Reinprecht) at 19:08
Penalties :
R.J. Umberger (Min) for Holding (Minor) at 2:41, Alexei Kovalev (Min) for High sticking (Minor) at 6:22, Steve Staios (Pit) for Interference (Minor) at 11:52, Taylor Pyatt (Pit) for Fighting (Major) at 19:09, Mike Green (Min) for Fighting (Major) at 19:09, Mike Green (Min) for instigated a fight (Minor) at 19:09, Mike Green (Min) for instigated a fight (10 Minutes Misconduct) at 19:09
Goalie Stats
Martin Brodeur (Min), 19 saves from 21 shots - (0,905), L, 25-19-0, 60:00 minutes
Brian Elliott (Pit), 30 saves from 31 shots - (0,968), W, 18-9-7, 60:00 minutes
Players Stats for Wild
Player Name G A P +/- PIM S H SB GA TA FO MP PP MP PK MP
------------------------------------------------------------------------------------
Alexei Kovalev 0 1 1 -1 2 1 1 0 0 0 0/1 13:56 4:37 0:00
Anson Carter 0 0 0 0 2 2 2 1 2 0 0/0 15:16 3:19 0:00
Brian Rolston 0 0 0 0 0 2 1 0 2 0 1/1 18:00 0:00 7:52
Chris Drury 0 0 0 0 0 5 1 2 0 0 10/22 17:13 4:37 1:33
Chris Higgins 0 0 0 0 0 1 2 0 0 0 0/0 14:42 0:00 4:35
Fedor Tyutin 0 0 0 1 0 0 1 1 0 1 0/0 22:17 3:15 5:18
Fredrik Modin 0 0 0 0 0 0 1 1 1 0 0/0 7:29 0:00 0:12
Glen Metropolit 0 0 0 0 0 1 0 0 0 0 3/3 10:59 0:00 3:42
Jonathan Rheault 0 0 0 0 0 0 0 0 0 0 0/0 6:55 0:00 0:00
Jozef Stumpel 1 0 1 -1 2 3 2 1 0 0 0/1 13:34 4:37 0:00
Mark Eaton 0 0 0 1 0 1 1 0 0 0 0/0 23:27 3:15 8:34
Mike Green 0 0 0 -1 17 7 1 0 2 1 0/0 20:28 4:41 0:41
Nathan Dempsey 0 0 0 -1 2 4 1 2 0 2 0/0 19:58 4:41 0:00
Niclas Wallin 0 0 0 -1 0 0 0 0 1 2 0/0 18:00 0:00 8:23
R.J. Umberger 0 0 0 0 4 2 2 0 0 0 1/1 15:12 3:19 0:00
Rod Brind'Amour 0 0 0 0 0 0 1 0 1 1 8/23 18:33 0:00 8:26
Shane Hnidy 0 0 0 -1 2 0 1 0 0 0 0/0 15:55 0:00 4:25
Vaclav Prospal 0 0 0 -1 0 2 0 1 0 0 2/6 13:15 3:19 0:00
Players Stats for Penguins
Player Name G A P +/- PIM S H SB GA TA FO MP PP MP PK MP
------------------------------------------------------------------------------------
Aaron Ward 0 0 0 0 0 0 0 0 0 1 0/0 6:11 0:00 0:00
Brooks Orpik 0 0 0 0 0 2 0 2 1 1 0/0 26:04 7:45 4:38
Bryan Allen 0 0 0 0 0 0 0 0 0 0 0/0 0:00 0:00 0:00
Carlo Colaiacovo 0 0 0 1 0 0 1 1 0 0 0/0 19:07 5:56 3:18
Dainius Zubrus 0 0 0 0 0 1 1 0 0 1 0/0 14:25 0:15 0:00
Dan Hamhuis 0 1 1 1 0 0 0 0 0 0 0/0 19:07 5:56 3:18
Denis Arkhipov 0 0 0 0 0 2 0 1 1 0 2/3 16:19 0:00 1:34
Dennis Seidenberg 0 0 0 0 0 0 0 0 0 0 0/0 6:07 0:00 0:09
Marc-Édouard Vlasic 0 1 1 0 0 0 0 2 1 1 0/0 9:50 0:00 0:55
Mike Watt 0 0 0 0 0 2 3 0 2 2 0/1 16:43 1:14 1:06
Petr Sykora 0 1 1 0 0 2 0 0 0 0 0/1 17:35 5:38 0:00
Ryan Kesler 1 0 1 1 0 3 2 1 0 1 20/39 23:29 7:54 4:34
Steve Staios 0 0 0 0 2 3 2 2 0 1 0/0 24:56 7:45 3:34
Steven Reinprecht 1 1 2 0 2 3 0 0 1 0 5/7 17:45 5:38 0:00
Taylor Pyatt 0 0 0 1 5 0 1 1 0 1 4/4 22:48 6:58 4:34
Ted Purcell 0 0 0 1 0 3 1 0 0 0 1/2 22:37 7:48 2:45
Tom Preissing 0 0 0 0 0 0 0 0 0 0 0/0 8:54 0:00 0:00
Ville Peltonen 0 0 0 0 4 0 1 0 1 0 1/1 20:02 5:38 1:19
3 Stars
1 - Brian Elliott (Pit)
2 - Ryan Kesler (Pit)
3 - Steven Reinprecht (Pit)
Power Play
Wild - 0 on 4 Attempt(s) - 0,00%
Penguins - 0 on 8 Attempt(s) - 0,00%
Penalty Kill
Wild - 8 on 8 Attempt(s) - 100,00%
- Score 0 goal in Penalty Kill
Penguins - 4 on 4 Attempt(s) - 100,00%
- Score 0 goal in Penalty Kill
Official
Referees : Kozari Steve and Martell Rob
Linesman : Jonny Murray and Dan Schachte
Game Notes
Taylor Pyatt and Mike Green fight to a draw at 19:09 of 3rd period
Finance
Level 1 -- Attendance: 5420 (90,33%) -- Ticket Income 455 280 $
Level 2 -- Attendance: 5000 (100,00%) -- Ticket Income 215 000 $
Level 3 -- Attendance: 1789 (89,45%) -- Ticket Income 42 936 $
Level 4 -- Attendance: 3541 (88,53%) -- Ticket Income 67 279 $
Luxury Box -- Attendance: 872 (87,20%) -- Ticket Income 141 264 $
Game was played at the Igloo
Total Attendance: 16622 (92,34%)
Total Ticket Income: 921 759 $
Other Income: 138 264 $
Total Income: 1 060 023 $
Wild
5 vs 5 Forward
Center Left Wing Right Wing Time % Phy DF OF
1 Chris Drury R.J. Umberger Anson Carter 40 0 1 4
2 Vaclav Prospal Jozef Stumpel Alexei Kovalev 30 1 0 4
3 Rod Brind'Amour Chris Higgins Brian Rolston 20 1 1 3
4 Glen Metropolit Fredrik Modin Jonathan Rheault 10 2 1 2
5 vs 5 Defense
Defense Defense Time % Phy DF OF
1 Mike Green Nathan Dempsey 40 1 3 1
2 Fedor Tyutin Mark Eaton 30 1 3 1
3 Niclas Wallin Shane Hnidy 20 1 3 1
4 Mike Green Nathan Dempsey 10 1 3 1
PowerPlay Forward
Center Left Wing Right Wing Time % Phy DF OF
1 Chris Drury Jozef Stumpel Alexei Kovalev 60 0 0 5
2 Vaclav Prospal R.J. Umberger Anson Carter 40 0 0 5
PowerPlay Defense
Defense Defense Time % Phy DF OF
1 Mike Green Nathan Dempsey 60 0 2 3
2 Fedor Tyutin Mark Eaton 40 0 2 3
Penalty Kill 4 Players Forward
Center Wing Time % Phy DF OF
1 Rod Brind'Amour Brian Rolston 60 1 3 1
2 Glen Metropolit Chris Higgins 40 1 3 1
Penalty Kill 4 Players Defense
Defense Defense Time % Phy DF OF
1 Mark Eaton Niclas Wallin 60 2 3 0
2 Fedor Tyutin Shane Hnidy 40 2 3 0
Penalty Kill - 3 Players Forward
Forward Time % Phy DF OF
1 Rod Brind'Amour 60 1 4 0
2 Glen Metropolit 40 1 4 0
Penalty Kill - 3 Players Defense
Defense Defense Time % Phy DF OF
1 Mark Eaton Niclas Wallin 60 2 3 0
2 Fedor Tyutin Shane Hnidy 40 2 3 0
4 vs 4 Forward
Center Wing Time % Phy DF OF
1 Chris Drury Jozef Stumpel 60 1 1 3
2 Vaclav Prospal Alexei Kovalev 40 1 1 3
4 vs 4 Defense
Defense Defense Time % Phy DF OF
1 Mike Green Nathan Dempsey 60 1 3 1
2 Fedor Tyutin Mark Eaton 40 1 3 1
Last Minutes Offensive
Center Left Wing Right Wing Defense Defense
Chris Drury Jozef Stumpel Alexei Kovalev Mike Green Nathan Dempsey
Last Minutes Defensive
Center Left Wing Right Wing Defense Defense
Rod Brind'Amour Glen Metropolit Brian Rolston Mark Eaton Niclas Wallin
Goaltenders
Starting : Martin Brodeur
Backup : Julien Ellis
Extra Forwards
Normal : Chris Drury, Alexei Kovalev, Jozef Stumpel - PP : Chris Drury, Alexei Kovalev - PK : Rod Brind'Amour
Extra Defensemen
Normal : Mike Green, Nathan Dempsey, Fedor Tyutin - PP : Mike Green - PK : Mark Eaton, Niclas Wallin
Penalty Shots
Chris Drury, Jozef Stumpel, Vaclav Prospal, Alexei Kovalev, R.J. Umberger
Penguins
5 vs 5 Forward
Center Left Wing Right Wing Time % Phy DF OF
1 Ryan Kesler Taylor Pyatt Ted Purcell 40 1 2 2
2 Steven Reinprecht Ville Peltonen Petr Sykora 30 1 2 2
3 Denis Arkhipov Mike Watt Dainius Zubrus 20 1 2 2
4 Ryan Kesler Taylor Pyatt Ted Purcell 10 1 2 2
5 vs 5 Defense
Defense Defense Time % Phy DF OF
1 Steve Staios Brooks Orpik 40 1 2 2
2 Dan Hamhuis Carlo Colaiacovo 30 1 2 2
3 Tom Preissing Marc-Édouard Vlasic 20 1 2 2
4 Dennis Seidenberg Aaron Ward 10 1 2 2
PowerPlay Forward
Center Left Wing Right Wing Time % Phy DF OF
1 Ryan Kesler Taylor Pyatt Ted Purcell 60 1 2 2
2 Steven Reinprecht Ville Peltonen Petr Sykora 40 1 2 2
PowerPlay Defense
Defense Defense Time % Phy DF OF
1 Steve Staios Brooks Orpik 60 1 2 2
2 Dan Hamhuis Carlo Colaiacovo 40 1 2 2
Penalty Kill 4 Players Forward
Center Wing Time % Phy DF OF
1 Ryan Kesler Taylor Pyatt 60 1 2 2
2 Ted Purcell Ville Peltonen 40 1 2 2
Penalty Kill 4 Players Defense
Defense Defense Time % Phy DF OF
1 Steve Staios Brooks Orpik 60 1 2 2
2 Dan Hamhuis Carlo Colaiacovo 40 1 2 2
Penalty Kill - 3 Players Forward
Forward Time % Phy DF OF
1 Ryan Kesler 60 1 2 2
2 Taylor Pyatt 40 1 2 2
Penalty Kill - 3 Players Defense
Defense Defense Time % Phy DF OF
1 Steve Staios Brooks Orpik 60 1 2 2
2 Dan Hamhuis Carlo Colaiacovo 40 1 2 2
4 vs 4 Forward
Center Wing Time % Phy DF OF
1 Ryan Kesler Taylor Pyatt 60 1 2 2
2 Ted Purcell Ville Peltonen 40 1 2 2
4 vs 4 Defense
Defense Defense Time % Phy DF OF
1 Steve Staios Brooks Orpik 60 1 2 2
2 Dan Hamhuis Carlo Colaiacovo 40 1 2 2
Last Minutes Offensive
Center Left Wing Right Wing Defense Defense
Ryan Kesler Taylor Pyatt Ted Purcell Steve Staios Brooks Orpik
Last Minutes Defensive
Center Left Wing Right Wing Defense Defense
Ryan Kesler Taylor Pyatt Ted Purcell Steve Staios Brooks Orpik
Goaltenders
Starting : Brian Elliott
Backup : Ondrej Pavelec
Extra Forwards
Normal : Mike Watt, Dainius Zubrus, Denis Arkhipov - PP : Mike Watt, Dainius Zubrus - PK : Denis Arkhipov
Extra Defensemen
Normal : Tom Preissing, Marc-Édouard Vlasic, Dennis Seidenberg - PP : Tom Preissing - PK : Marc-Édouard Vlasic, Dennis Seidenberg
Penalty Shots
Ryan Kesler, Taylor Pyatt, Ted Purcell, Ville Peltonen, Steven Reinprecht
% Time on Ice - Wild
Lines # - Real PCT - Wanted PCT - Time Play
Normal Forward
1 - 29% - 40% - 11:09
2 - 27% - 30% - 10:18
3 - 26% - 20% - 10:00
4 - 18% - 10% - 6:55
Normal Defense
1 - 41% - 40% - 15:43
2 - 35% - 30% - 13:31
3 - 24% - 20% - 9:08
4 - 0% - 10% - 0:00
PP Forward
1 - 58% - 60% - 4:37
2 - 42% - 40% - 3:19
PP Defense
1 - 59% - 60% - 4:41
2 - 41% - 40% - 3:15
PK Forward
1 - 72% - 60% - 9:09
2 - 28% - 40% - 3:30
PK Defense
1 - 57% - 60% - 7:16
2 - 43% - 40% - 5:23
PK3 Forward
1 - 81% - 60% - 0:50
2 - 19% - 40% - 0:12
PK3 Defense
1 - 53% - 60% - 0:33
2 - 47% - 40% - 0:29
44 Forward
1 - 0% - 60%
2 - 0% - 40%
44 Defense
1 - 0% - 60%
2 - 0% - 40%
Last Minute Offensive - 0:01
Last Minute Defensive - 0:00
Total
Forward - 60:00
Defense - 60:00
|
% Time on Ice - Penguins
Lines # - Real PCT - Wanted PCT - Time Play
Normal Forward
1 - 30% - 40% - 11:31
2 - 37% - 30% - 14:04
3 - 33% - 20% - 12:47
4 - 0% - 10% - 0:00
Normal Defense
1 - 35% - 40% - 13:37
2 - 26% - 30% - 9:53
3 - 23% - 20% - 8:54
4 - 16% - 10% - 5:58
PP Forward
1 - 59% - 60% - 8:03
2 - 41% - 40% - 5:38
PP Defense
1 - 57% - 60% - 7:45
2 - 43% - 40% - 5:56
PK Forward
1 - 65% - 60% - 5:11
2 - 35% - 40% - 2:45
PK Defense
1 - 58% - 60% - 4:38
2 - 42% - 40% - 3:18
PK3 Forward
1 - 0% - 60%
2 - 0% - 40%
PK3 Defense
1 - 0% - 60%
2 - 0% - 40%
44 Forward
1 - 0% - 60%
2 - 0% - 40%
44 Defense
1 - 0% - 60%
2 - 0% - 40%
Last Minute Offensive - 0:00
Last Minute Defensive - 0:01
Total
Forward - 60:00
Defense - 60:00
|
Play by Play
1st period
0:01 of 1st period - Chris Drury wins face-off versus Ryan Kesler in neutral zone.
0:28 of 1st period - Minor Penalty to Jozef Stumpel for Holding Stick.
0:29 of 1st period - Ryan Kesler wins face-off versus Rod Brind'Amour in Wild zone.
1:03 of 1st period - Wrist shot by Petr Sykora.
1:03 of 1st period - Stopped by Martin Brodeur without a rebound.
1:04 of 1st period - Taylor Pyatt wins face-off versus Rod Brind'Amour in Wild zone.
1:09 of 1st period - Slapshot by Ryan Kesler.
1:09 of 1st period - Deflect By Rod Brind'Amour.
1:09 of 1st period - Stopped by Martin Brodeur with a rebound.
1:11 of 1st period - Wrist shot by Dan Hamhuis.
1:11 of 1st period - Deflect By Ryan Kesler.
1:11 of 1st period - Shot Hit the Post.
1:11 of 1st period - Puck is out of play.
1:12 of 1st period - Rod Brind'Amour wins face-off versus Ryan Kesler in Wild zone.
2:28 of 1st period - Penalty to Jozef Stumpel is over, Jozef Stumpel is back on ice.
2:40 of 1st period - Mike Green is hit by Mike Watt and loses puck.
2:57 of 1st period - Tom Preissing is hit by Nathan Dempsey and loses puck.
3:02 of 1st period - Wrist shot by Jozef Stumpel.
3:02 of 1st period - Goal by Jozef Stumpel - Wild : 1 - Penguins : 0.
3:03 of 1st period - Rod Brind'Amour wins face-off versus Ryan Kesler in neutral zone.
3:16 of 1st period - Wrist shot by Chris Higgins.
3:16 of 1st period - Stopped by Brian Elliott with a rebound.
3:18 of 1st period - Snap shot by Rod Brind'Amour.
3:18 of 1st period - Shot Blocked by Carlo Colaiacovo.
3:28 of 1st period - Mark Eaton is hit by Ville Peltonen and loses puck.
3:55 of 1st period - Wrist shot by Mike Watt.
3:55 of 1st period - Stopped by Martin Brodeur with a rebound.
4:54 of 1st period - Slapshot by Mike Green.
4:54 of 1st period - Stopped by Brian Elliott with a rebound.
5:16 of 1st period - Wrist shot by Vaclav Prospal.
5:16 of 1st period - Stopped by Brian Elliott with a rebound.
5:21 of 1st period - Off-side.
5:22 of 1st period - Denis Arkhipov wins face-off versus Rod Brind'Amour in neutral zone.
5:29 of 1st period - Wrist shot by Denis Arkhipov.
5:29 of 1st period - Stopped by Martin Brodeur without a rebound.
5:30 of 1st period - Brian Rolston wins face-off versus Denis Arkhipov in Wild zone.
5:30 of 1st period - Brian Rolston is hit by Mike Watt.
5:55 of 1st period - Wrist shot by Brian Rolston.
5:55 of 1st period - Stopped by Brian Elliott with a rebound.
6:17 of 1st period - Snap shot by Denis Arkhipov.
6:17 of 1st period - Shot Misses the Net.
6:19 of 1st period - Snap shot by Mike Watt.
6:19 of 1st period - Shot Misses the Net.
6:27 of 1st period - Snap shot by Mike Watt.
6:27 of 1st period - Shot Misses the Net.
6:29 of 1st period - Slapshot by Dainius Zubrus.
6:29 of 1st period - Shot Blocked by Fedor Tyutin.
8:03 of 1st period - Aaron Ward is hit by Chris Higgins and loses puck.
8:32 of 1st period - Snap shot by Brian Rolston.
8:32 of 1st period - Stopped by Brian Elliott without a rebound.
8:33 of 1st period - Chris Drury wins face-off versus Ryan Kesler in Penguins zone.
8:34 of 1st period - Snap shot by R.J. Umberger.
8:34 of 1st period - Stopped by Brian Elliott with a rebound.
8:36 of 1st period - Snap shot by Chris Drury.
8:36 of 1st period - Shot Misses the Net.
9:05 of 1st period - Snap shot by Jozef Stumpel.
9:05 of 1st period - Shot Misses the Net.
9:07 of 1st period - Wrist shot by Jozef Stumpel.
9:07 of 1st period - Stopped by Brian Elliott without a rebound.
9:08 of 1st period - Steven Reinprecht wins face-off versus Chris Drury in Penguins zone.
9:24 of 1st period - Wrist shot by Petr Sykora.
9:24 of 1st period - Deflect By Steven Reinprecht.
9:24 of 1st period - Stopped by Martin Brodeur with a rebound.
9:47 of 1st period - Minor Penalty to Steven Reinprecht for Hooking.
9:48 of 1st period - Chris Drury wins face-off versus Ryan Kesler in Penguins zone.
9:50 of 1st period - Snap shot by Chris Drury.
9:50 of 1st period - Shot Misses the Net.
9:52 of 1st period - Snap shot by Nathan Dempsey.
9:52 of 1st period - Shot Blocked by Ryan Kesler.
9:54 of 1st period - Backhand shot by Mike Green.
9:54 of 1st period - Stopped by Brian Elliott with a rebound.
9:56 of 1st period - Slapshot by Mike Green.
9:56 of 1st period - Stopped by Brian Elliott without a rebound.
9:57 of 1st period - Chris Drury wins face-off versus Ryan Kesler in Penguins zone.
10:39 of 1st period - Off-side.
10:40 of 1st period - Ryan Kesler wins face-off versus Vaclav Prospal in neutral zone.
11:15 of 1st period - Icing by Vaclav Prospal.
11:16 of 1st period - Vaclav Prospal wins face-off versus Ted Purcell in Wild zone.
11:21 of 1st period - Snap shot by Anson Carter.
11:21 of 1st period - Stopped by Brian Elliott with a rebound.
11:23 of 1st period - Snap shot by Vaclav Prospal.
11:23 of 1st period - Shot Blocked by Steve Staios.
11:25 of 1st period - Wrist shot by R.J. Umberger.
11:25 of 1st period - Shot Misses the Net.
11:40 of 1st period - Alexei Kovalev is hit by Ted Purcell and loses puck.
11:47 of 1st period - Penalty to Steven Reinprecht is over, Steven Reinprecht is back on ice.
12:37 of 1st period - Niclas Wallin is hit by Dainius Zubrus and loses puck.
13:06 of 1st period - Icing by Ryan Kesler.
13:07 of 1st period - Ryan Kesler wins face-off versus Chris Drury in Penguins zone.
13:29 of 1st period - Wrist shot by Steven Reinprecht.
13:29 of 1st period - Stopped by Martin Brodeur with a rebound.
13:52 of 1st period - Fedor Tyutin is hit by Mike Watt and loses puck.
14:19 of 1st period - Minor Penalty to Ville Peltonen for Holding.
14:20 of 1st period - Ryan Kesler wins face-off versus Chris Drury in Penguins zone.
14:32 of 1st period - Snap shot by Mike Green.
14:32 of 1st period - Stopped by Brian Elliott with a rebound.
14:34 of 1st period - Snap shot by Mike Green.
14:34 of 1st period - Shot Misses the Net.
14:36 of 1st period - Slapshot by Mike Green.
14:36 of 1st period - Shot Misses the Net.
14:46 of 1st period - Taylor Pyatt is hit by Anson Carter and loses puck.
16:19 of 1st period - Penalty to Ville Peltonen is over, Ville Peltonen is back on ice.
16:28 of 1st period - Slapshot by Denis Arkhipov.
16:28 of 1st period - Shot Misses the Net.
16:34 of 1st period - Carlo Colaiacovo is hit by Mike Green and loses puck.
Goals for this period are 1 for Wild vs 0 for Penguins.
Shots for this period are 12 for Wild vs 6 for Penguins.
2nd period
0:01 of 2nd period - Taylor Pyatt wins face-off versus Chris Drury in neutral zone.
0:04 of 2nd period - Wrist shot by Ted Purcell.
0:04 of 2nd period - Shot Blocked by Nathan Dempsey.
0:06 of 2nd period - Slapshot by Ted Purcell.
0:06 of 2nd period - Shot Blocked by Chris Drury.
0:08 of 2nd period - Snap shot by Taylor Pyatt.
0:08 of 2nd period - Shot Misses the Net.
0:41 of 2nd period - Wrist shot by Vaclav Prospal.
0:41 of 2nd period - Stopped by Brian Elliott with a rebound.
0:58 of 2nd period - Snap shot by Dainius Zubrus.
0:58 of 2nd period - Shot Blocked by Fredrik Modin.
1:00 of 2nd period - Snap shot by Dainius Zubrus.
1:00 of 2nd period - Stopped by Martin Brodeur with a rebound.
1:02 of 2nd period - Wrist shot by Mike Watt.
1:02 of 2nd period - Shot Misses the Net.
2:11 of 2nd period - Off-side.
2:12 of 2nd period - Rod Brind'Amour wins face-off versus Petr Sykora in neutral zone.
2:19 of 2nd period - Snap shot by Brian Rolston.
2:19 of 2nd period - Shot Misses the Net.
2:21 of 2nd period - Wrist shot by Brian Rolston.
2:21 of 2nd period - Shot Misses the Net.
2:23 of 2nd period - Wrist shot by Brian Rolston.
2:23 of 2nd period - Shot Misses the Net.
2:33 of 2nd period - Minor Penalty to Ville Peltonen for Holding.
2:34 of 2nd period - Ryan Kesler wins face-off versus Alexei Kovalev in Penguins zone.
2:34 of 2nd period - Ryan Kesler is hit by Chris Drury.
2:50 of 2nd period - Mike Green is hit by Steve Staios and loses puck.
4:03 of 2nd period - Icing by Anson Carter.
4:04 of 2nd period - Ted Purcell wins face-off versus Vaclav Prospal in Wild zone.
4:05 of 2nd period - Snap shot by Mike Watt.
4:05 of 2nd period - Shot Blocked by Anson Carter.
4:33 of 2nd period - Penalty to Ville Peltonen is over, Ville Peltonen is back on ice.
4:37 of 2nd period - Slapshot by Ville Peltonen.
4:37 of 2nd period - Deflect By Ted Purcell.
4:37 of 2nd period - Stopped by Martin Brodeur with a rebound.
4:57 of 2nd period - Backhand shot by R.J. Umberger.
4:57 of 2nd period - Shot Misses the Net.
5:05 of 2nd period - Slapshot by R.J. Umberger.
5:05 of 2nd period - Shot Blocked by Steve Staios.
5:30 of 2nd period - Wrist shot by Ted Purcell.
5:30 of 2nd period - Shot Misses the Net.
5:32 of 2nd period - Snap shot by Denis Arkhipov.
5:32 of 2nd period - Shot Misses the Net.
5:36 of 2nd period - Wrist shot by Denis Arkhipov.
5:36 of 2nd period - Stopped by Martin Brodeur without a rebound.
5:37 of 2nd period - Glen Metropolit wins face-off versus Ryan Kesler in Wild zone.
5:41 of 2nd period - Off-side.
5:42 of 2nd period - Glen Metropolit wins face-off versus Ryan Kesler in neutral zone.
5:57 of 2nd period - Off-side.
5:58 of 2nd period - Rod Brind'Amour wins face-off versus Steven Reinprecht in neutral zone.
6:49 of 2nd period - Ville Peltonen is hit by Brian Rolston and loses puck.
7:04 of 2nd period - Wrist shot by Ryan Kesler.
7:04 of 2nd period - Shot Misses the Net.
8:22 of 2nd period - Dan Hamhuis is hit by Fredrik Modin and loses puck.
8:52 of 2nd period - Ryan Kesler is hit by R.J. Umberger.
9:04 of 2nd period - Brooks Orpik is hit by Fedor Tyutin and loses puck.
9:35 of 2nd period - Snap shot by Fredrik Modin.
9:35 of 2nd period - Deflect By Glen Metropolit.
9:35 of 2nd period - Shot Blocked by Marc-Édouard Vlasic.
9:35 of 2nd period - Puck is out of play.
9:36 of 2nd period - Glen Metropolit wins face-off versus Steven Reinprecht in Penguins zone.
9:37 of 2nd period - Slapshot by Mike Green.
9:37 of 2nd period - Stopped by Brian Elliott with a rebound.
9:41 of 2nd period - Slapshot by Glen Metropolit.
9:41 of 2nd period - Stopped by Brian Elliott with a rebound.
9:43 of 2nd period - Snap shot by Nathan Dempsey.
9:43 of 2nd period - Stopped by Brian Elliott without a rebound.
9:44 of 2nd period - Chris Drury wins face-off versus Ryan Kesler in Penguins zone.
10:20 of 2nd period - Snap shot by Dainius Zubrus.
10:20 of 2nd period - Shot Blocked by Vaclav Prospal.
10:22 of 2nd period - Snap shot by Denis Arkhipov.
10:22 of 2nd period - Shot Misses the Net.
10:40 of 2nd period - Off-side.
10:41 of 2nd period - Ryan Kesler wins face-off versus Chris Drury in neutral zone.
11:03 of 2nd period - Minor Penalty to Anson Carter for Hooking.
11:04 of 2nd period - Rod Brind'Amour wins face-off versus Ryan Kesler in Wild zone.
12:01 of 2nd period - Icing by Carlo Colaiacovo.
12:02 of 2nd period - Steven Reinprecht wins face-off versus Chris Drury in Penguins zone.
12:02 of 2nd period - Steven Reinprecht is hit by Chris Higgins.
13:03 of 2nd period - Penalty to Anson Carter is over, Anson Carter is back on ice.
13:13 of 2nd period - Mike Watt is hit by Jozef Stumpel and loses puck.
14:07 of 2nd period - Wrist shot by Glen Metropolit.
14:07 of 2nd period - Shot Blocked by Denis Arkhipov.
14:09 of 2nd period - Slapshot by Nathan Dempsey.
14:09 of 2nd period - Shot Misses the Net.
15:15 of 2nd period - Ted Purcell is hit by R.J. Umberger and loses puck.
15:21 of 2nd period - Icing by Taylor Pyatt.
15:22 of 2nd period - R.J. Umberger wins face-off versus Ryan Kesler in Penguins zone.
15:35 of 2nd period - Wrist shot by Chris Drury.
15:35 of 2nd period - Stopped by Brian Elliott with a rebound.
15:37 of 2nd period - Snap shot by Anson Carter.
15:37 of 2nd period - Stopped by Brian Elliott without a rebound.
15:38 of 2nd period - Ville Peltonen wins face-off versus Vaclav Prospal in Penguins zone.
15:38 of 2nd period - Brooks Orpik is hit by Alexei Kovalev and loses puck.
15:42 of 2nd period - Icing by Steve Staios.
15:43 of 2nd period - Steven Reinprecht wins face-off versus Vaclav Prospal in Penguins zone.
15:43 of 2nd period - Steven Reinprecht is hit by Mark Eaton.
15:51 of 2nd period - Slapshot by Brooks Orpik.
15:51 of 2nd period - Stopped by Martin Brodeur without a rebound.
15:52 of 2nd period - Ryan Kesler wins face-off versus Chris Drury in Wild zone.
15:53 of 2nd period - Slapshot by Taylor Pyatt.
15:53 of 2nd period - Shot Misses the Net.
15:55 of 2nd period - Minor Penalty to R.J. Umberger for High sticking.
15:56 of 2nd period - Ryan Kesler wins face-off versus Rod Brind'Amour in Wild zone.
16:15 of 2nd period - Niclas Wallin is hit by Ryan Kesler and loses puck.
16:30 of 2nd period - Wrist shot by Chris Higgins.
16:30 of 2nd period - Shot Misses the Net.
16:32 of 2nd period - Slapshot by Niclas Wallin.
16:32 of 2nd period - Shot Blocked by Brooks Orpik.
16:34 of 2nd period - Slapshot by Mark Eaton.
16:34 of 2nd period - Stopped by Brian Elliott without a rebound.
16:35 of 2nd period - Ryan Kesler wins face-off versus Rod Brind'Amour in Penguins zone.
16:52 of 2nd period - Minor Penalty to Shane Hnidy for Interference.
16:53 of 2nd period - Ryan Kesler wins face-off versus Rod Brind'Amour in Wild zone.
16:58 of 2nd period - Slapshot by Ted Purcell.
16:58 of 2nd period - Stopped by Martin Brodeur without a rebound.
16:59 of 2nd period - Ryan Kesler wins face-off versus Rod Brind'Amour in Wild zone.
17:00 of 2nd period - Snap shot by Steve Staios.
17:00 of 2nd period - Deflect By Rod Brind'Amour.
17:00 of 2nd period - Stopped by Martin Brodeur without a rebound.
17:01 of 2nd period - Ryan Kesler wins face-off versus Rod Brind'Amour in Wild zone.
17:55 of 2nd period - Penalty to R.J. Umberger is over, R.J. Umberger is back on ice.
18:02 of 2nd period - Brian Rolston is hit by Taylor Pyatt and loses puck.
18:52 of 2nd period - Penalty to Shane Hnidy is over, Shane Hnidy is back on ice.
19:07 of 2nd period - Snap shot by Dainius Zubrus.
19:07 of 2nd period - Shot Misses the Net.
19:09 of 2nd period - Minor Penalty to Nathan Dempsey for Hooking.
19:10 of 2nd period - Ryan Kesler wins face-off versus Rod Brind'Amour in Wild zone.
19:47 of 2nd period - Snap shot by Rod Brind'Amour.
19:47 of 2nd period - Shot Misses the Net.
Goals for this period are 0 for Wild vs 0 for Penguins.
Shots for this period are 7 for Wild vs 6 for Penguins.
3rd period
0:01 of 3rd period - Taylor Pyatt wins face-off versus Rod Brind'Amour in neutral zone.
0:06 of 3rd period - Slapshot by Steve Staios.
0:06 of 3rd period - Stopped by Martin Brodeur with a rebound.
1:09 of 3rd period - Penalty to Nathan Dempsey is over, Nathan Dempsey is back on ice.
2:34 of 3rd period - Chris Drury is hit by Steve Staios and loses puck.
2:41 of 3rd period - Minor Penalty to R.J. Umberger for Holding.
2:42 of 3rd period - Rod Brind'Amour wins face-off versus Ryan Kesler in Wild zone.
3:07 of 3rd period - Icing by Taylor Pyatt.
3:08 of 3rd period - Rod Brind'Amour wins face-off versus Ryan Kesler in Penguins zone.
3:33 of 3rd period - Fedor Tyutin is hit by Carlo Colaiacovo and loses puck.
4:41 of 3rd period - Penalty to R.J. Umberger is over, R.J. Umberger is back on ice.
6:22 of 3rd period - Minor Penalty to Alexei Kovalev for High sticking.
6:23 of 3rd period - Steven Reinprecht wins face-off versus Rod Brind'Amour in Wild zone.
6:25 of 3rd period - Wrist shot by Steven Reinprecht.
6:25 of 3rd period - Shot Misses the Net.
8:22 of 3rd period - Penalty to Alexei Kovalev is over, Alexei Kovalev is back on ice.
8:53 of 3rd period - Icing by Taylor Pyatt.
8:54 of 3rd period - Denis Arkhipov wins face-off versus Chris Drury in Penguins zone.
8:54 of 3rd period - Denis Arkhipov is hit by Anson Carter.
9:06 of 3rd period - Slapshot by R.J. Umberger.
9:06 of 3rd period - Stopped by Brian Elliott without a rebound.
9:07 of 3rd period - Steven Reinprecht wins face-off versus Chris Drury in Penguins zone.
9:24 of 3rd period - Wrist shot by Ryan Kesler.
9:24 of 3rd period - Shot Blocked by Jozef Stumpel.
9:32 of 3rd period - Nathan Dempsey is hit by Ryan Kesler and loses puck.
9:53 of 3rd period - Mike Watt is hit by Shane Hnidy and loses puck.
10:08 of 3rd period - Wrist shot by Chris Drury.
10:08 of 3rd period - Stopped by Brian Elliott without a rebound.
10:09 of 3rd period - Chris Drury wins face-off versus Ryan Kesler in Penguins zone.
10:22 of 3rd period - Snap shot by Chris Drury.
10:22 of 3rd period - Stopped by Brian Elliott without a rebound.
10:23 of 3rd period - Chris Drury wins face-off versus Ryan Kesler in Penguins zone.
10:30 of 3rd period - Slapshot by Anson Carter.
10:30 of 3rd period - Shot Blocked by Taylor Pyatt.
10:53 of 3rd period - Snap shot by Dan Hamhuis.
10:53 of 3rd period - Shot Blocked by Nathan Dempsey.
10:55 of 3rd period - Wrist shot by Steven Reinprecht.
10:55 of 3rd period - Goal by Steven Reinprecht - Wild : 1 - Penguins : 1.
10:56 of 3rd period - Chris Drury wins face-off versus Ryan Kesler in neutral zone.
11:03 of 3rd period - Snap shot by Chris Drury.
11:03 of 3rd period - Stopped by Brian Elliott with a rebound.
11:05 of 3rd period - Slapshot by Nathan Dempsey.
11:05 of 3rd period - Stopped by Brian Elliott with a rebound.
11:07 of 3rd period - Slapshot by Nathan Dempsey.
11:07 of 3rd period - Stopped by Brian Elliott with a rebound.
11:09 of 3rd period - Backhand shot by Nathan Dempsey.
11:09 of 3rd period - Shot Blocked by Brooks Orpik.
11:30 of 3rd period - Brooks Orpik is hit by Jozef Stumpel and loses puck.
11:52 of 3rd period - Minor Penalty to Steve Staios for Interference.
11:53 of 3rd period - Chris Drury wins face-off versus Ryan Kesler in Penguins zone.
11:57 of 3rd period - Slapshot by Jozef Stumpel.
11:57 of 3rd period - Stopped by Brian Elliott with a rebound.
11:59 of 3rd period - Wrist shot by Mike Green.
11:59 of 3rd period - Stopped by Brian Elliott without a rebound.
12:00 of 3rd period - Taylor Pyatt wins face-off versus Chris Drury in Penguins zone.
12:06 of 3rd period - Icing by Chris Drury.
12:07 of 3rd period - Ryan Kesler wins face-off versus Jozef Stumpel in Wild zone.
12:14 of 3rd period - Wrist shot by Alexei Kovalev.
12:14 of 3rd period - Stopped by Brian Elliott with a rebound.
12:16 of 3rd period - Slapshot by Nathan Dempsey.
12:16 of 3rd period - Shot Blocked by Marc-Édouard Vlasic.
12:18 of 3rd period - Slapshot by Nathan Dempsey.
12:18 of 3rd period - Stopped by Brian Elliott without a rebound.
12:19 of 3rd period - Ryan Kesler wins face-off versus Chris Drury in Penguins zone.
13:52 of 3rd period - Penalty to Steve Staios is over, Steve Staios is back on ice.
16:22 of 3rd period - Slapshot by Mike Green.
16:22 of 3rd period - Stopped by Brian Elliott without a rebound.
16:23 of 3rd period - Chris Drury wins face-off versus Mike Watt in Penguins zone.
17:36 of 3rd period - Snap shot by Chris Drury.
17:36 of 3rd period - Stopped by Brian Elliott with a rebound.
17:52 of 3rd period - Wrist shot by Alexei Kovalev.
17:52 of 3rd period - Deflect By Jozef Stumpel.
17:52 of 3rd period - Shot Misses the Net.
17:52 of 3rd period - Puck is out of play.
17:53 of 3rd period - Vaclav Prospal wins face-off versus Ryan Kesler in Penguins zone.
18:21 of 3rd period - Carlo Colaiacovo is hit by Rod Brind'Amour and loses puck.
18:40 of 3rd period - Backhand shot by Steven Reinprecht.
18:40 of 3rd period - Shot Blocked by Chris Drury.
18:50 of 3rd period - Snap shot by Petr Sykora.
18:50 of 3rd period - Stopped by Martin Brodeur with a rebound.
19:08 of 3rd period - Wrist shot by Ryan Kesler.
19:08 of 3rd period - Goal by Ryan Kesler - Wild : 1 - Penguins : 2.
19:09 of 3rd period - Ryan Kesler wins face-off versus Chris Drury in neutral zone.
19:09 of 3rd period - Taylor Pyatt and Mike Green fight to a draw.
19:09 of 3rd period - Penalty to Taylor Pyatt for Fighting.
19:09 of 3rd period - Penalty to Mike Green for Fighting.
19:09 of 3rd period - Penalty to Mike Green for instigated a fight.
19:09 of 3rd period - Penalty to Mike Green for instigated a fight.
19:10 of 3rd period - Ryan Kesler wins face-off versus Rod Brind'Amour in neutral zone.
19:17 of 3rd period - Snap shot by Mike Watt.
19:17 of 3rd period - Deflect By Ryan Kesler.
19:17 of 3rd period - Stopped by Martin Brodeur without a rebound.
19:18 of 3rd period - Bob Hartley call a timeout for Wild.
19:18 of 3rd period - Ryan Kesler wins face-off versus Rod Brind'Amour in Wild zone.
19:23 of 3rd period - Snap shot by Ryan Kesler.
19:23 of 3rd period - Shot Misses the Net.
19:25 of 3rd period - Slapshot by Brooks Orpik.
19:25 of 3rd period - Stopped by Martin Brodeur without a rebound.
19:26 of 3rd period - Ryan Kesler wins face-off versus Rod Brind'Amour in Wild zone.
19:27 of 3rd period - Snap shot by Ted Purcell.
19:27 of 3rd period - Shot Misses the Net.
19:29 of 3rd period - Snap shot by Mike Watt.
19:29 of 3rd period - Shot Misses the Net.
19:31 of 3rd period - Wrist shot by Ryan Kesler.
19:31 of 3rd period - Shot Misses the Net.
19:33 of 3rd period - Wrist shot by Steve Staios.
19:33 of 3rd period - Stopped by Martin Brodeur with a rebound.
19:39 of 3rd period - Snap shot by Mike Watt.
19:39 of 3rd period - Stopped by Martin Brodeur without a rebound.
19:40 of 3rd period - Rod Brind'Amour wins face-off versus Ryan Kesler in Wild zone.
19:55 of 3rd period - Slapshot by Ted Purcell.
19:55 of 3rd period - Stopped by Martin Brodeur without a rebound.
19:56 of 3rd period - Ryan Kesler wins face-off versus Rod Brind'Amour in Wild zone.
Goals for this period are 0 for Wild vs 2 for Penguins.
Shots for this period are 12 for Wild vs 9 for Penguins.
Output by the SimonT Hockey Simulator (STHS) for François Prévost -- Original Page W3C XHTML 1.0 Valid